 Dungeon Crawl Stone Soup version 0.28-a0-1344-g6b9ff3a05d (webtiles) character file.

Game seed: 12580389168716911227

93 Cheeritup the Grave Robber (level 4, -2/24 HPs)
             Began as a Deep Elf Necromancer on Dec 28, 2021.
             Shot with a stone by a goblin (3 damage)
             ... on level 3 of the Dungeon.
             The game lasted 00:08:37 (2364 turns).

Cheeritup the Grave Robber (Deep Elf Necromancer)   Turns: 2364, Time: 00:08:40

Health: -2/24      AC:  5    Str:  5    XL:     4   Next: 36%
Magic:  1/12       EV: 13    Int: 22    God:
Gold:   58         SH:  0    Dex: 15    Spells: 9/11 levels left

rFire   . . .      SeeInvis .   k - +2 short sword (venom)
rCold   . . .      Faith    .   (no shield)
rNeg    . . .      Spirit   .   a - +0 robe
rPois   .          Reflect  .   e - +0 helmet
rElec   .          Harm     .   (no cloak)
rCorr   .          Rampage  .   c - +0 pair of gloves
Will    .....                   l - +0 pair of boots
Stlth   ++........              (no amulet)
HPRegen 0.08/turn               (no ring)
MPRegen 0.13/turn               (no ring)

@: no status effects
A: no striking features
a: no special abilities


You were on level 3 of the Dungeon.
You visited 1 branch of the dungeon, and saw 3 of its levels.

You collected 58 gold pieces.

Inventory:

Hand Weapons
 d - a +0 rapier
 k - a +2 short sword of venom (weapon)
Armour
 a - a +0 robe (worn)
 c - a +0 pair of gloves (worn)
 e - a +0 helmet (worn)
 l - a +0 pair of boots (worn)
 m - a +0 hat
Scrolls
 b - 2 scrolls of identify
Potions
 g - a potion of magic
 h - a potion of ambrosia {unknown}
 n - a potion of haste {unknown}


   Skills:
 - Level 3.0 Dodging
 + Level 3.5 Stealth
 + Level 4.0 Spellcasting
 * Level 5.8 Necromancy


You had 9 spell levels left.
You knew the following spells:

 Your Spells              Type           Power      Damage    Failure   Level
a - Pain                  Necr           100%       1d9       1%          1
b - Animate Skeleton      Necr           60%        N/A       1%          1

Your spell library contained the following spells:

 Spells                   Type           Power      Damage    Failure   Level
 Vampiric Draining        Necr           30%        2d8       3%          3
 Animate Dead             Necr           15%        N/A       10%         4
 Apportation              Tloc           8%         N/A       11%         1
 Summon Small Mammal      Summ           16%        N/A       11%         1
 Agony                    Necr           30%        N/A       28%         5


Dungeon Overview and Level Annotations

Branches:
Dungeon (3/15)

Altars:


Message History

Aim: a jackal (almost dead, chance to affect: 93%)
The jackal writhes in agony.
You kill the jackal!
The goblin unwields a +0 dagger.
The goblin wields a +0 hunting sling.
The goblin shoots a stone.
The stone barely misses you.
Casting: Pain (safe; 1% risk of failure)
Confirm with . or Enter, or press ? or * to list all spells.
You attempt to give life to the dead...
Before your eyes, flesh is ripped from the corpse!
The dead are walking!
The jackal barely misses your jackal skeleton.
The goblin shoots a stone.
The stone hits your jackal skeleton.
A ball python comes into view.
The jackal bites your jackal skeleton.
Your jackal skeleton is destroyed!
Found a scroll of identify.
Found a stone staircase leading up.
Aiming: Pain (safe; 1% risk of failure)
Press: ? - help, Q - select action, (/) - cycle Shift-Dir - straight line, f - jackal
Aim: a jackal (heavily wounded, chance to affect: 93%)
The jackal writhes in agony.
You kill the jackal!
The goblin shoots a stone.
The stone misses you.
Casting: Pain (safe; 1% risk of failure)
Confirm with . or Enter, or press ? or * to list all spells.
There is nothing nearby to animate!
Aiming: Pain (safe; 1% risk of failure)
Press: ? - help, Q - select action, (/) - cycle Shift-Dir - straight line, f - ball python
Aim: a ball python (chance to affect: 93%)
The ball python writhes in agony.
The goblin shoots a stone.
The stone misses you. The ball python closely misses you.
The ball python grabs you. The ball python constricts you.
You escape the ball python's grasp.
Aiming: Pain (safe; 1% risk of failure)
Press: ? - help, Q - select action, (/) - cycle Shift-Dir - straight line, f/p - ball python
Aim: a ball python (moderately wounded, chance to affect: 93%)
The ball python writhes in agony.
You kill the ball python!
The goblin shoots a stone.
The stone hits you.
You die...

##.. ##..... #....... .
#......< .. #......? ..#
##.....### # ..#
#........####### #....#
#........g.....########..(.#>
##.......###.†@....[..........
........###.................###
..............##########.......
.......######## #....###
####### #....# ######


You could see a goblin.

Vanquished Creatures
  2 adders (D:2)
  2 worms (D:2)
  3 dart slugs
  8 ball pythons
  4 endoplasms
  A giant cockroach (D:1)
  5 goblins
  2 hobgoblins (D:1)
  4 jackals (D:3)
  6 kobolds
  2 quokkas
  A bat (D:1)
  5 frilled lizards
  2 rats (D:1)
47 creatures vanquished.

Vanquished Creatures (collateral kills)
  A hound skeleton (D:3)
  A kobold (D:1)
  A rat (D:1)
3 creatures vanquished.

Vanquished Creatures (others)
  8 plants (D:2)
8 creatures vanquished.

Grand Total: 58 creatures vanquished

Notes
Turn   | Place    | Note
-------+----------+-------------------------------------------
     0 | D:1      | Cheeritup the Deep Elf Necromancer began the quest for the
                  | Orb.
     0 | D:1      | Reached XP level 1. HP: 10/10 MP: 6/6
    28 | D:1      | Learned a level 1 spell: Animate Skeleton
   343 | D:1      | Reached skill level 5 in Necromancy
   471 | D:1      | Reached XP level 2. HP: 12/15 MP: 4/8
  1135 | D:1      | Reached XP level 3. HP: 17/19 MP: 7/10
  1921 | D:2      | Reached XP level 4. HP: 19/24 MP: 6/11
  2364 | D:3      | Shot with a stone by a goblin

Illustrated notes

Levels and vault maps discovered:
D:1:      dpeg_arrival_rooms_with_view, layout_basic, minmay_octomino_c4
D:2:      layout_rooms, serial_bayou_lagoon_b
D:3:      layout_rooms, grunt_gozag_breadcrumbs,
          nicolae_dithmenos_shadow_blocks, ebering_ecumenical_altar_sacrificial,
          minmay_strange_pillars

Skill      XL: |  1  2  3  4 |
---------------+-------------+-----
Necromancy     | 5 |  5.8
Stealth        | 3 |  3.5
Dodging        | 3 |  3.0
Spellcasting   | 4 |  4.0

Action                   |  1- 3 |  4- 6 || total
-------------------------+-------+-------++-------
Melee: Dagger            |    12 |       ||    12
       Rapier            |    18 |       ||    18
       Short sword       |       |     7 ||     7
 Cast: Pain              |    58 |    19 ||    77
       Animate Skeleton  |     9 |     3 ||    12
  Use: Scroll            |       |     6 ||     6
 Stab: Sleeping          |     2 |       ||     2
Armor: Robe              |     9 |     8 ||    17
Dodge: Dodged            |    38 |    16 ||    54

Table legend: (Time is in decaauts)
 A = Elapsed time spent in this place.
 B = Non-inter-level travel time spent in this place.
 C = Inter-level travel time spent in this place.
 D = Time resting spent in this place.
 E = Time spent auto-exploring this place.
 F = Levels seen in this place.
 G = Mean time per level.
                   A        B        C        D        E       F      G
               +--------+--------+--------+--------+--------+-----+--------+
         Total |   2367 |   2306 |     61 |    504 |   1220 |   3 |  789.0 |
       Dungeon |   2367 |   2306 |     61 |    504 |   1220 |   3 |  789.0 |
               +--------+--------+--------+--------+--------+-----+--------+

Top non-repeatable levels by time:
     D:1: 1464 daAuts
     D:2: 837 daAuts
     D:3: 65 daAuts
